Cogmind - Beta 12 @@@ ROGUE MODE // 2023.09.02 @ 22:57:00 Player: Analote Result: Self-destructed Performance ------------- Evolutions (1) 500 Regions Visited (4) 800 Robots Destroyed (26) 130 Value Destroyed (579) 579 Prototype IDs (1) 20 Alien Tech Used (0) 0 Bonus (604) 604 TOTAL SCORE: 2633 Bonus ------- High Alert Combat Kills 22 Met Imprinter 300 Was Imprinted 300 Friendly Fire -18 Cogmind --------- Core Integrity 216/400 Matter 300/300 Energy 27/100 System Corruption 2% Temperature Cool (54) Movement Hovering (290) Ox4 Location -7/Zion Parts ------- > --- POWER (1) -------- (None) > --- PROPULSION (2) --- Aerolev Unit > --- UTILITY (4) ------ High-capacity Storage Unit Visual Processing Unit Advanced Terrain Scan Processor > --- WEAPON (2) ------- (None) > --- INVENTORY (20) --- Light Treads Force Booster Ion Cannon Ion Cannon Ion Cannon Ion Cannon Light Assault Rifle Peak State ------------ > --- POWER ------------ Light Ion Engine > --- PROPULSION ------- Aerolev Unit Aerolev Unit > --- UTILITY ---------- High-capacity Storage Unit Visual Processing Unit Advanced Terrain Scan Processor > --- WEAPON ----------- Lightning Gun Proton Missile Launcher > --- INVENTORY -------- Light Treads Force Booster Ion Cannon Ion Cannon Ion Cannon Ion Cannon Light Assault Rifle [Rating: 25] Favorites ----------- Power Light Ion Engine Engine Light Ion Engine Propulsion Aerolev Unit Treads Light Treads Hover Unit Aerolev Unit Utility Visual Processing Unit Device Sensor Array Storage High-capacity Storage Unit Processor Visual Processing Unit Protection Medium Armor Plating Weapon Ion Cannon Energy Gun Lightning Gun Energy Cannon Ion Cannon Ballistic Gun Heavy Assault Rifle Launcher Proton Missile Launcher Build | -11 -10 -9 -9 -7 ------- Run | Jun Mat Mat Min Zio Slots Evolved 2 | . . 2 . . Power . | . . . . . Propulsion . | . . . . . Utility 2 | . . 2 . . Weapon . | . . . . . Parts Attached 18 | 6 1 8 . 3 Power 2 | 1 . 1 . . Engine 2 | 1 . 1 . . Core . | . . . . . Reactor . | . . . . . Propulsion 4 | 2 . 2 . . Treads 2 | 2 . . . . Leg . | . . . . . Wheel . | . . . . . Hover 2 | . . 2 . . Flight . | . . . . . Utility 6 | 1 1 3 . 1 Device 1 | . . 1 . . Storage 2 | 1 . 1 . . Processor 2 | . . 1 . 1 Hackware . | . . . . . Protection 1 | . 1 . . . Artifact . | . . . . . Weapon 6 | 2 . 2 . 2 Energy Gun 3 | 2 . . . 1 Energy Cannon 1 | . . 1 . . Ballistic Gun 1 | . . 1 . . Ballistic Cannon . | . . . . . Launcher 1 | . . . . 1 Special Weapon . | . . . . . Impact Weapon . | . . . . . Slashing Weapon . | . . . . . Piercing Weapon . | . . . . . Special Melee Weapon . | . . . . . Unidentified Prototypes 1 | . . 1 . . Parts Lost 10 | . . 5 1 4 Power 2 | . . 1 . 1 Propulsion 1 | . . . . 1 Utility 2 | . . 2 . . Weapon 5 | . . 2 1 2 Highest Loss Streak 4 | . . 2 1 4 To Critical Strikes . | . . . . . Average Slot Usage (%) 83 | . 95 78 69 83 Engine 10 | . 14 6 11 10 Treads 4 | . 28 14 . . Hover 18 | . . 7 22 21 Storage 11 | . 14 11 11 11 Processor 16 | . . 5 11 20 Protection 1 | . 10 5 . . Energy Gun 10 | . 28 10 . 8 Energy Cannon 8 | . . 1 11 9 Ballistic Gun 1 | . . 9 3 . Naked Turns . | . . . . . Heaviest Build 54 | 12 19 52 52 54 Greatest Support 40 | 40 40 40 16 16 Greatest Overweight (x) 3 | . . 3 3 3 Average Overweight (x) 2 | . . . 3 2 Largest Inventory Capacity 20 | 8 8 20 20 20 Average Capacity 17 | 6 8 11 20 20 Most Carried 7 | 2 1 7 5 7 Average Carried 4 | . . 1 5 6 Final Capacity 20 | 8 8 20 20 20 Final Carried 7 | . . 5 5 7 Class Distribution -------------------- 100% | Mutant Dominant Class ---------------- Mutant | -10/Materials Mutant | -9/Materials Mutant | -9/Mines Mutant | -7/Zion Resources | -11 -10 -9 -9 -7 ----------- Run | Jun Mat Mat Min Zio Matter Collected 514 | 213 95 152 34 20 Remotely . | . . . . . Salvage Created 772 | . 173 415 166 18 Parts 51 | . 15 30 4 2 Haulers Intercepted . | . . . . . Recyclers Shooed . | . . . . . Parts Field Recycled . | . . . . . Retrieved Matter . | . . . . . Parts Self-Destructed . | . . . . . Prevented . | . . . . . Kills | -11 -10 -9 -9 -7 ------- Run | Jun Mat Mat Min Zio Combat Hostiles Destroyed 22 | . 8 12 2 . Guns 16 | . 6 10 . . Cannons 4 | . . 2 2 . AOE 2 | . 2 . . . Classes Destroyed 7 | . 2 3 1 1 Tunneler 1 | . . 1 . . Recycler 1 | . . . 1 . Watcher 1 | . . 1 . . Swarmer 12 | . 6 6 . . Grunt 6 | . 2 2 2 . Sentry 4 | . . 4 . . Zionite 1 | . . . . 1 Best Kill Streak 7 | . 3 7 3 1 Combat Bots Only 6 | . 3 6 2 . Max Kills in Single Turn 2 | . 2 1 1 1 Gunslinging . | . . . . . Exploded 2 | . 2 . . . Melee . | . . . . . Uniques/NPCs Destroyed . | . . . . . Combat | -11 -10 -9 -9 -7 -------- Run | Jun Mat Mat Min Zio Damage Taken 1343 | . 241 665 71 366 Core 217 | . 33 82 23 79 Absorbed by Shields . | . . . . . Core Remaining (%) 93 | 100 86 . . . Volleys Fired 77 | . 16 51 7 3 Largest 2 | . 2 2 1 1 Hottest 90 | . 90 83 60 55 Shots Fired 127 | . 32 85 7 3 Gun 109 | . 32 76 . 1 Cannon 16 | . . 9 7 . Launcher 2 | . . . . 2 Special . | . . . . . Kinetic 45 | . . 45 . . Thermal 58 | . 16 35 7 . Explosive . | . . . . . Electromagnetic 24 | . 16 5 . 3 Robot Hit Streak 14 | . 3 14 4 . Robot Miss Streak 4 | . 4 4 2 1 Penetration Max . | . . . . . Secondary Targets 4 | . 1 3 . . Max Gunslinging Chain 1 | . 1 1 . . Shots Hit Robots 70 | . 14 51 5 . Core Hits 37 | . 9 22 4 2 Critical Kills . | . . . . . Critical Parts Destroyed . | . . . . . Critical Strikes 2 | . . 2 . . Burn 2 | . . 2 . . Melee Attacks . | . . . . . Impact . | . . . . . Slashing . | . . . . . Piercing . | . . . . . Sneak Attacks . | . . . . . Combat Hostiles . | . . . . . Follow-up Attacks . | . . . . . Damage Inflicted 1283 | . 239 812 119 113 Guns 813 | . 169 622 . 22 Cannons 305 | . . 186 119 . Explosions 161 | . 70 . . 91 Melee . | . . . . . Ramming 4 | . . 4 . . Kinetic 361 | . . 361 . . Thermal 665 | . 145 401 119 . Explosive . | . . . . . Electromagnetic 253 | . 94 46 . 113 Impact . | . . . . . Slashing . | . . . . . Piercing . | . . . . . Highest Corruption 2 | . 2 . . 2 Average Corruption 1 | . 2 . . 1 Corruption Purged . | . . . . . Corruption Blocked . | . . . . . Effects 2 | . 2 . . . Message Errors 1 | . 1 . . . Energy Discharges 1 | . 1 . . . Overload Shots . | . . . . . Overflow Damage . | . . . . . Projectiles . | . . . . . Explosions . | . . . . . Melee . | . . . . . Knockbacks . | . . . . . Impact . | . . . . . Kinetic . | . . . . . Secondary . | . . . . . Self-Inflicted Damage 25 | . 6 1 . 18 Shots 2 | . 1 . . 1 Rammed 2 | . . 2 . . Targets Rammed 2 | . . 2 . . Kicked . | . . . . . Crushed . | . . . . . Highest Temperature 390 | . 390 132 141 34 Average Temperature 88 | . 139 44 71 23 Received Heat Transfer 324 | . 12 123 42 147 Effects 2 | . 2 . . . Shutdowns 1 | . 1 . . . Matter Decay 1 | . 1 . . . Siege Activations . | . . . . . Robots Corrupted . | . . . . . Combat Hostiles . | . . . . . Parts Fried . | . . . . . Impact Corruptions . | . . . . . Robots Melted . | . . . . . Combat Hostiles . | . . . . . Parts Melted . | . . . . . Heat Transferred 1530 | . 272 1073 185 . Parts Sabotaged . | . . . . . Parts Stolen . | . . . . . Parts Stripped . | . . . . . Power Chain Reactions 1 | . 1 . . . Missiles Intercepted . | . . . . . Alert | -11 -10 -9 -9 -7 ------- Run | Jun Mat Mat Min Zio Peak Influence 446 | . 225 446 140 . Initial 95 | . . 94 95 . Average 172 | . 80 269 121 . Maximum Alert Level 2 | . 1 2 . . Low Security (%) 64 | 100 87 38 100 . Level 1 30 | . 12 51 . . Level 2 4 | . . 9 . . Level 3 . | . . . . . Level 4 . | . . . . . Level 5 . | . . . . . High Security . | . . . . . Max Security . | . . . . . Squads Dispatched 2 | . 1 1 . . Investigation . | . . . . . Extermination . | . . . . . Reinforcement 2 | . 1 1 . . Assault . | . . . . . Garrison . | . . . . . Intercept . | . . . . . Searches Triggered . | . . . . . Construction Impeded . | . . . . . Haulers Reinforced . | . . . . . Active Scanning Responses . | . . . . . Cargo Convoy Interrupts . | . . . . . Stealth | -11 -10 -9 -9 -7 --------- Run | Jun Mat Mat Min Zio Distress Signals 1 | . . 1 . . Communications Jammed . | . . . . . Distress Signals . | . . . . . Times Spotted 40 | . 8 21 2 9 Peak Tracking Total 8 | . 3 7 2 8 Tactical Retreats 1 | . . 1 . . Traps | -11 -10 -9 -9 -7 ------- Run | Jun Mat Mat Min Zio Traps Triggered 1 | . 1 . . . Indirectly . | . . . . . Trap Hack Attempts . | . . . . . Triggered . | . . . . . Disarmed . | . . . . . Reprogrammed . | . . . . . Reused . | . . . . . Traps Extracted . | . . . . . Installed . | . . . . . Triggered . | . . . . . Machines | -11 -10 -9 -9 -7 ---------- Run | Jun Mat Mat Min Zio Machines Disabled 1 | . . 1 . . Max in Single Turn 1 | . . 1 . . Machines Repaired . | . . . . . Machines Sabotaged . | . . . . . Overloaded Fab Kills . | . . . . . Hacking | -11 -10 -9 -9 -7 --------- Run | Jun Mat Mat Min Zio Machines Accessed 1 | . 1 . . . Terminals 1 | . 1 . . . Fabricators . | . . . . . Repair Stations . | . . . . . Recycling Units . | . . . . . Scanalyzers . | . . . . . Garrison Access . | . . . . . Total Hacks 1 | . 1 . . . Successful 1 | . 1 . . . Failed . | . . . . . Catastrophic . | . . . . . Database Lockouts . | . . . . . Manual 2 | . 1 . . 1 Terminals 1 | . 1 . . . Fabricators . | . . . . . Repair Stations . | . . . . . Recycling Units . | . . . . . Scanalyzers . | . . . . . Garrison Access . | . . . . . Terminal Hacks . | . . . . . Fabricator Hacks . | . . . . . Repair Station Hacks . | . . . . . Recycling Unit Hacks . | . . . . . Scanalyzer . | . . . . . Garrison Access Hacks . | . . . . . Unauthorized Hacks 1 | . 1 . . . Terminals 1 | . 1 . . . Botnet 1 | . 1 . . . Fabricators . | . . . . . Repair Stations . | . . . . . Recycling Units . | . . . . . Scanalyzers . | . . . . . Garrison Access . | . . . . . Data Cores Recovered . | . . . . . Used . | . . . . . Hacking Detections . | . . . . . Full Trace Events . | . . . . . Feedback Events . | . . . . . Feedback Blocked . | . . . . . Robot Schematics Acquired 3 | . . . . 3 Robots Built . | . . . . . Authchips . | . . . . . Time . | . . . . . Total Robot Build Rating . | . . . . . Part Schematics Acquired 13 | . . . . 13 Parts Built . | . . . . . Authchips . | . . . . . Time . | . . . . . Total Part Build Rating . | . . . . . Parts Repaired . | . . . . . Time . | . . . . . Parts Recycled . | . . . . . Recycled Matter . | . . . . . Retrieved Matter . | . . . . . Retrieved Components . | . . . . . Parts Scanalyzed . | . . . . . Part Schematics Acquired . | . . . . . Parts Damaged . | . . . . . Bothacking | -11 -10 -9 -9 -7 ------------ Run | Jun Mat Mat Min Zio Used RIF Installer . | . . . . . Robots Hacked . | . . . . . Non-combat . | . . . . . Combat . | . . . . . Robot Hacks Applied . | . . . . . Relay Couplers Released . | . . . . . Fabnet Peak Effective % . | . . . . . Robots Rewired . | . . . . . Allies Hacked . | . . . . . Hacks Repelled . | . . . . . Allies | -11 -10 -9 -9 -7 -------- Run | Jun Mat Mat Min Zio Total Allies 4 | . . . . 4 Largest Group 4 | . . . . 4 Highest-Rated Group 153 | . . . . 153 Highest-Rated Ally 39 | . . . . 39 Total Orders . | . . . . . Ally Attacks . | . . . . . Total Damage . | . . . . . Kills . | . . . . . Allies Corrupted . | . . . . . Allies Melted . | . . . . . Intel | -11 -10 -9 -9 -7 ------- Run | Jun Mat Mat Min Zio Robot Analysis Total . | . . . . . Derelict Logs Recovered 1 | . . . . 1 Drone Launches . | . . . . . Drone Recoveries . | . . . . . Exploration | -11 -10 -9 -9 -7 ------------- Run | Jun Mat Mat Min Zio Turns Passed 3480 | 66 282 427 73 2632 Spaces Moved 1502 | 40 135 155 25 1147 Core 8 | 8 . . . . Treads 279 | 32 135 112 . . Legs . | . . . . . Wheels . | . . . . . Hover 1215 | . . 43 25 1147 Flight . | . . . . . Fastest Speed 46 | 50 160 46 226 166 Average Speed 210 | 138 160 159 226 225 Slowest Speed 226 | 160 160 226 226 226 Overloaded Moves . | . . . . . Propulsion Burnouts . | . . . . . Robots Hopped . | . . . . . Cave-ins Triggered . | . . . . . Exploration Rate (%) 31 | 4 29 29 9 85 Regions Visited 4 Branch Regions 2 Pre-discovered Areas 1 | . . . . 1 Known Exits Taken . | . . . . . Unknown Exits Taken 4 | 1 1 1 1 . Scrap Searched 4 | . . . . 4 Spaces Dug . | . . . . . Terrain Destroyed 4 | . 4 . . . Melee . | . . . . . Projectile . | . . . . . AOE 4 | . 4 . . . Terrain Rammed . | . . . . . Walls Destroyed . | . . . . . Machines Disabled . | . . . . . Actions | -11 -10 -9 -9 -7 --------- Run | Jun Mat Mat Min Zio Total 1688 | 51 169 250 35 1183 Wait 64 | . 17 17 4 26 Move 1498 | 39 134 154 24 1147 Hop . | . . . . . Pick Up 25 | 6 1 14 . 4 Fast Attach . | . . . . . Attach 16 | 6 1 7 . 2 Detach . | . . . . . Swap 2 | . . 1 . 1 Drop 4 | . . 4 . . Fire 77 | . 16 51 7 3 Melee . | . . . . . Ram 2 | . . 2 . . Kick . | . . . . . Crush . | . . . . . Escape Stasis . | . . . . . Rewire . | . . . . . Trap . | . . . . . Miscellaneous . | . . . . . Route ------- -11/Junkyard -10/Materials -9/Materials -9/Mines -7/Zion History --------- Turn | Location | Event 6 | -11/Junkyard | Discovered new exit (range 15) 67 | -11/Junkyard | Entered Materials 315 | -10/Materials | Build established: Mutant 325 | -10/Materials | Discovered new exit (range 14) 349 | -10/Materials | Entered another Materials area 349 | -9/Materials | Evolved 2 slots: Utility x2 680 | -9/Materials | Discovered new exit (range 17) 776 | -9/Materials | Entered Mines 838 | -9/Mines | A Derelict revealed a hidden shortcut to a safe place 849 | -9/Mines | Entered Zion 1248 | -7/Zion | Learned Factory terminal intel 1903 | -7/Zion | Learned Factory emergency access door positions 1905 | -7/Zion | Learned location of Quarantine (-2) 2016 | -7/Zion | Imprinted 2018 | -7/Zion | Declared Zion's savior 2229 | -7/Zion | Received a hallucinogenic algorithm 3471 | -7/Zion | Attacked by Zionites 3481 | -7/Zion | Self-destructed Last Messages --------------- 03131_ UL-4DX(z) plays with the Twisted Machinery. 03174_ Subsystem restored. 03185_ Acquired Proton Missile Launcher. 03226_ N3-LQI(z) shifts around the Twisted Machinery. 03441_ 6D-LWV(z) searches inside the Twisted Machinery. 03459_ N9-5F0(z) toys with the Twisted Machinery. 03471_ PUBLIC SERVICE ANNOUNCEMENT: Zion is under attack! Defend our home! 03472_ 6D-LWV(z) pulls a Mak. Sword out of the Twisted Machinery. 03473_ IP-VJK(z) pulls a Mak. Sword out of the Twisted Machinery. 03473_ UL-4DX(z) pulls a Mak. Spear out of the Twisted Machinery. 03474_ IP-VJK(z) destroyed. 03475_ O6-UOC(M) misfires. 03476_ FO-NCS(M) misfires. 03476_ Proton Missile Launcher destroyed. 03477_ Aerolev Unit destroyed. 03477_ Critical hit (Burn: +80). 03477_ Lgt. Ion Engine destroyed. 03479_ N9-5F0(z) pulls a Mak. Laser out of the Twisted Machinery. 03480_ Lightning Gun destroyed. 03480_ Critical hit (Burn: +37). Map ----- +----------------------------------------------------+ | ?????????????????????????????????????????????????? | | ?????????????????????????????????????????????????? | | ?????????????????????????????????????????????????? | | ?????????????????????????????????????????????????? | | ?????????????????????????????????????????????????? | | ?????????????????????????????????????????????????? | | ?????????????????????????????????????????????????? | | ?????????????????????????????????????????????????? | | ?????????????????????????????????????????????????? | | ????????????????????????????######???????????????? | | ????????????????????????????#""#"#######?########? | | ??????????????????????????###"""""#"##"###""#"#"## | | ????????????????????????###""" """""""""""##"""" | | ????????????????????????#"""" """""""""" " | | ????????????????????????##"" "" """" | | ????????????????????????#"" """ | | ??????????????????????####" "" | | ??????????????????????#"""" "" "" | | ????????????????#######""" """"" """ | | ?????????????????"#"#"##"" ""#"""""" " | | ?????????????????""#"#"#""" """""""##""" " | | ??????????????????#""""##"""""" """"""" | | ??????????????????" X # #" """""" | | ??????????????????# /# "" "" | | ?????????????????## *% M M z | | ?????????????????" M @zz | | ?????????????????" MM | | ?????????????????# " "" """"" """ | | ?????????????"""" " # """" ""#""" """" | | ?????????????"##" " "#"" ""#""""""""" | | ???????????????########""" "#""#""""""" | | ??????????????????????##"" """""""""""" | | ???????????????????????#"" """" """ " ""#"# | | ???????????????????????##" """" "" """"" | | ????????????????????####"" """ ""#"#" | | ????????????????????#""""" """ """""# | | ???????????????????##""""" """" " """""" | | ???????????????????#""" """""""" """ | | ???????????????????##""" """"""" "# | | ????????????????????###"" " "# | | ??????????????????????##"" "" "# | | ???????????????????????#"" "" """ | | ???????????????????????#"" """" | | ???????????????????????##" """## | | ??????????????????????#""" """##? | | ??????????????????????###" """ """#?? | | ????????????????????????#" """" """##? | | ????????????????????????#"" """ """"#? | | ???????????????????????#""""""" """"" """##? | | ???????????????????????###""""" "" #""#?? | +----------------------------------------------------+ Best States ------------- Heat Dissipation 28 Energy Generation 10 Energy Capacity 125 Matter Stores 300 Matter Capacity 300 Sight Range 18 Robot Scan Range 14 Terrain Scan Density 210 Armor Coverage 225 Evasion (%) 55 Recoil Reduction 2 Item Schematics ----------------- Corruption Screen | -7/Zion | Archive Magnetic Acceleration Cannon | -7/Zion | Archive Gauss Cannon | -7/Zion | Archive Hvy. Plasma Cannon | -7/Zion | Archive Adv. Assault Cannon | -7/Zion | Archive Imp. Reaction Control System | -7/Zion | Archive Imp. Trap Extractor | -7/Zion | Archive Variable Charge Gun | -7/Zion | Archive Adv. Plasma Cannon | -7/Zion | Archive Gravmag System | -7/Zion | Archive Imp. System Shield | -7/Zion | Archive Mak. Armor Plating | -7/Zion | Archive Phase Cannon | -7/Zion | Archive Robot Schematics ------------------ G-47 Trooper | -7/Zion | Archive H-55 Commando | -7/Zion | Archive S-27 Virus | -7/Zion | Archive Fabricated ------------ Nothing Alien Tech Used ----------------- None Achievements -------------- None Challenges ------------ None Game ------ Seed GatlingAlphaMatrix Manual? 0 Play Time 00:15:51 Cumulative 58.7 hours Start 2023.09.02 @ 22:44:15 End 2023.09.02 @ 22:57:00 Sessions 1 Manual Loads 0 Difficulty Rogue Special Mode None Game No. 86 Rogue 1 Adventurer 1 Explorer 84 Win Type - Total 0 Types 0/0/0/0/0/0/0/0/0 Lore% 47 Gallery% 53 Achievement% 51 Wizard Run 0 Options --------- ASCII 0 Keyboard 0 Movement Mouse Keybinds 0 Fullscreen 2 Font 18/SmallcapsGlow Map View 76x50 Tactical HUD 1 Map Filters NONE Filters NONE Steam 1 RUN: 32d3b2ce-1828-48c4-8b7e-43bf3e5cb56b